Cogmind - Beta 11 X5 @@@ ROGUE MODE // 2021.07.03 @ 23:06:05 Player: Exp. Geonium Core Result: Destroyed by 8R-AWN with 8R-AWN's Boregun Performance ------------- Evolutions (1) 500 Regions Visited (5) 1000 Robots Destroyed (19) 95 Value Destroyed (341) 341 Prototype IDs (25) 500 Alien Tech Used (0) 0 Bonus (212) 212 TOTAL SCORE: 2648 Bonus ------- Follower Combat Kills 95 Aligned with FarCom 300 Friendly Fire -183 Cogmind --------- Core Integrity 0/400 Matter 200/300 Energy 42/100 System Corruption 1% Temperature Hot (252) Movement Core (100) Ox1 Location -9/Exiles Parts ------- > --- POWER (1) -------- (None) > --- PROPULSION (2) --- (None) > --- UTILITY (2) ------ EX Chip 2 System Purifier > --- WEAPON (4) ------- (None) > --- INVENTORY (5) ---- Improved Treads Medium Storage Unit EX Chip 1 EX Chip 1 EX Chip 2 Peak State ------------ > --- POWER ------------ Deuterium Engine > --- PROPULSION ------- Improved Treads Improved Treads > --- UTILITY ---------- Medium Storage Unit Medium Armor Plating > --- WEAPON ----------- Improved EM Shotgun Light Assault Rifle Heavy Assault Rifle Plasma Cutter > --- INVENTORY -------- Improved Treads Improved Treads Medium Armor Plating Hardened Light Armor Plating Heavy EM Pulse Gun EM Shotgun Light Assault Rifle Light Cannon [Rating: 19] Favorites ----------- Power Deuterium Engine Engine Deuterium Engine Propulsion Improved Treads Treads Improved Treads Leg Aluminum Leg Utility Medium Armor Plating Device System Purifier Storage Small Storage Unit Hackware EX Chip 2 Protection Medium Armor Plating Weapon Light Assault Rifle Energy Gun Improved EM Shotgun Ballistic Gun Light Assault Rifle Ballistic Cannon Light Cannon Special Weapon Plasma Cutter Build | -11 -10 -10 -9 -9 -9 ------- Run | Scr Mat Min Mat Min Exi Slots Evolved 2 | . . . 2 . . Power . | . . . . . . Propulsion . | . . . . . . Utility . | . . . . . . Weapon 2 | . . . 2 . . Parts Attached 29 | . 5 7 8 3 6 Power 3 | . 1 1 1 . . Engine 3 | . 1 1 1 . . Core . | . . . . . . Reactor . | . . . . . . Propulsion 5 | . . 2 2 1 . Treads 5 | . . 2 2 1 . Leg . | . . . . . . Wheel . | . . . . . . Hover . | . . . . . . Flight . | . . . . . . Utility 8 | . . 1 3 . 4 Device 1 | . . . . . 1 Storage 1 | . . . 1 . . Processor . | . . . . . . Hackware 1 | . . . . . 1 Protection 5 | . . 1 2 . 2 Artifact . | . . . . . . Weapon 13 | . 4 3 2 2 2 Energy Gun 8 | . 4 1 1 . 2 Energy Cannon . | . . . . . . Ballistic Gun 3 | . . 2 1 . . Ballistic Cannon 1 | . . . . 1 . Launcher . | . . . . . . Special Weapon 1 | . . . . 1 . Impact Weapon . | . . . . . . Slashing Weapon . | . . . . . . Piercing Weapon . | . . . . . . Special Melee Weapon . | . . . . . . Unidentified Prototypes 2 | . . . 1 . 1 Corrupted Parts 3 | . . 2 . . 1 System Corruption 5 | . . 4 . . 1 Parts Lost 12 | . . 3 . . 9 Power 1 | . . 1 . . . Propulsion 2 | . . . . . 2 Utility 1 | . . . . . 1 Weapon 8 | . . 2 . . 6 Highest Loss Streak 9 | . . 3 . . 9 Average Slot Usage (%) 96 | . 82 96 99 100 94 Engine 11 | . 12 13 11 11 10 Treads 21 | . . 23 22 22 20 Leg 2 | . 28 4 . . . Storage 11 | . 14 14 11 11 9 Protection 11 | . . 13 11 11 11 Energy Gun 8 | . 17 13 10 2 1 Ballistic Gun 22 | . 8 13 32 24 19 Ballistic Cannon 3 | . . . . 8 10 Special Weapon 3 | . . . . 9 9 Naked Turns . | . . . . . . Heaviest Build 34 | 12 16 25 34 34 34 Greatest Support 46 | 20 20 40 46 46 46 Greatest Overweight (x) 2 | . . 2 . . 1 Average Overweight (x) . | . . . . . . Largest Inventory Capacity 10 | . 8 8 10 10 10 Average Capacity 8 | . 8 8 8 10 9 Most Carried 10 | . 8 8 10 10 10 Average Carried 8 | . 6 7 7 9 7 Final Capacity 10 | 8 8 8 10 10 5 Final Carried 10 | 6 8 8 10 10 5 Class Distribution -------------------- 45% | Mutant 25% | Tank 16% | Scavenger-Tank 12% | Scavenger-Mutant Dominant Class ---------------- Mutant | -10/Materials Mutant | -10/Mines Scavenger-Tank | -9/Materials Tank | -9/Mines Mutant | -9/Exiles Resources | -11 -10 -10 -9 -9 -9 ----------- Run | Scr Mat Min Mat Min Exi Matter Collected 572 | 200 . 117 156 46 53 Remotely . | . . . . . . Salvage Created 577 | . . 192 302 . 83 Parts 58 | . . 14 29 . 15 Haulers Intercepted . | . . . . . . Recyclers Shooed . | . . . . . . Parts Field Recycled . | . . . . . . Retrieved Matter . | . . . . . . Parts Self-Destructed . | . . . . . . Prevented . | . . . . . . Kills | -11 -10 -10 -9 -9 -9 ------- Run | Scr Mat Min Mat Min Exi Combat Hostiles Destroyed 18 | . . 6 9 . 3 Guns 16 | . . 6 9 . 1 Cannons 2 | . . . . . 2 Classes Destroyed 6 | . . 2 3 . 1 Builder 2 | . . . 2 . . Watcher 1 | . . . 1 . . Swarmer 10 | . . 4 6 . . Grunt 1 | . . . 1 . . Sentry 4 | . . 2 2 . . Assembled 3 | . . . . . 3 Best Kill Streak 9 | . . 5 9 . 4 Combat Bots Only 7 | . . 5 7 . 3 Max Kills in Single Turn 2 | . . 1 2 . 1 Gunslinging 1 | . . . 1 . . Exploded . | . . . . . . Melee . | . . . . . . Uniques/NPCs Destroyed 1 | . . . . . 1 EX-BIN (-9/Exiles) Combat | -11 -10 -10 -9 -9 -9 -------- Run | Scr Mat Min Mat Min Exi Damage Taken 2445 | . . 581 394 36 1434 Core 540 | . . 134 36 . 370 Absorbed by Shields . | . . . . . . Core Remaining (%) 73 | 100 . 46 . . . Volleys Fired 44 | . . 12 18 2 12 Largest 4 | . . 2 4 1 4 Hottest 145 | . . 90 108 23 145 Shots Fired 114 | . . 19 55 2 38 Gun 100 | . . 19 55 2 24 Cannon 10 | . . . . . 10 Launcher . | . . . . . . Special 4 | . . . . . 4 Kinetic 78 | . . 1 50 2 25 Thermal 4 | . . . . . 4 Explosive . | . . . . . . Electromagnetic 32 | . . 18 5 . 9 Robot Hit Streak 18 | . . 8 13 15 18 Robot Miss Streak 3 | . . 1 3 . 3 Penetration Max . | . . . . . . Secondary Targets 6 | . . 2 4 . . Max Gunslinging Chain 1 | . . 1 1 . . Shots Hit Robots 72 | . . 16 32 2 22 Core Hits 36 | . . 8 16 . 12 Critical Kills . | . . . . . . Critical Parts Destroyed . | . . . . . . Critical Strikes . | . . . . . . Melee Attacks . | . . . . . . Impact . | . . . . . . Slashing . | . . . . . . Piercing . | . . . . . . Sneak Attacks . | . . . . . . Combat Hostiles . | . . . . . . Follow-up Attacks . | . . . . . . Damage Inflicted 899 | . . 262 402 12 223 Guns 730 | . . 213 402 12 103 Cannons 88 | . . . . . 88 Explosions 49 | . . 49 . . . Melee . | . . . . . . Ramming . | . . . . . . Kinetic 548 | . . 17 341 12 178 Thermal 81 | . . 49 . . 32 Explosive . | . . . . . . Electromagnetic 270 | . . 196 61 . 13 Impact . | . . . . . . Slashing . | . . . . . . Piercing . | . . . . . . Highest Corruption 4 | . . 4 . . 1 Average Corruption 3 | . . 3 . . 1 Corruption Purged . | . . . . . . Effects 7 | . . 7 . . . Message Errors 4 | . . 4 . . . Matter Fused 1 | . . 1 . . . Energy Discharges 1 | . . 1 . . . Data Loss (minor) 1 | . . 1 . . . Overload Shots . | . . . . . . Overflow Damage . | . . . . . . Projectiles . | . . . . . . Explosions . | . . . . . . Melee . | . . . . . . Knockbacks 5 | . . . . . 5 Impact . | . . . . . . Kinetic 4 | . . . . . 4 Secondary 1 | . . . . . 1 Self-Inflicted Damage 38 | . . 38 . . . Shots 1 | . . 1 . . . Rammed . | . . . . . . Targets Rammed . | . . . . . . Kicked . | . . . . . . Crushed . | . . . . . . Highest Temperature 697 | . . 171 159 . 697 Average Temperature 167 | . . 91 60 . 321 Received Heat Transfer 576 | . . 42 114 . 420 Effects 6 | . . . . . 6 Shutdowns 1 | . . . . . 1 Energy Bleed 2 | . . . . . 2 Matter Decay 2 | . . . . . 2 Short Circuit 1 | . . . . . 1 Siege Activations . | . . . . . . Robots Corrupted . | . . . . . . Combat Hostiles . | . . . . . . Parts Fried . | . . . . . . Impact Corruptions . | . . . . . . Robots Melted . | . . . . . . Combat Hostiles . | . . . . . . Parts Melted . | . . . . . . Heat Transferred 161 | . . 50 . . 111 Parts Sabotaged . | . . . . . . Parts Stolen . | . . . . . . Parts Stripped . | . . . . . . Power Chain Reactions 1 | . . 1 . . . Missiles Intercepted . | . . . . . . Alert | -11 -10 -10 -9 -9 -9 ------- Run | Scr Mat Min Mat Min Exi Peak Influence 282 | . 15 227 282 183 . Initial 109 | . . 5 10 109 . Average 116 | . 10 121 125 124 . Maximum Alert Level 1 | . . 1 1 . . Low Security (%) 85 | . 100 93 73 100 . Level 1 14 | . . 6 26 . . Level 2 . | . . . . . . Level 3 . | . . . . . . Level 4 . | . . . . . . Level 5 . | . . . . . . High Security . | . . . . . . Max Security . | . . . . . . Squads Dispatched 1 | . . . 1 . . Investigation . | . . . . . . Extermination . | . . . . . . Reinforcement 1 | . . . 1 . . Assault . | . . . . . . Garrison . | . . . . . . Intercept . | . . . . . . Construction Impeded . | . . . . . . Haulers Reinforced . | . . . . . . Cargo Convoy Interrupts . | . . . . . . Stealth | -11 -10 -10 -9 -9 -9 --------- Run | Scr Mat Min Mat Min Exi Distress Signals . | . . . . . . Communications Jammed . | . . . . . . Distress Signals . | . . . . . . Times Spotted 42 | . 3 11 15 4 9 Peak Tracking Total 9 | . 3 5 7 4 9 Tactical Retreats . | . . . . . . Traps | -11 -10 -10 -9 -9 -9 ------- Run | Scr Mat Min Mat Min Exi Traps Triggered 1 | . 1 . . . . Indirectly . | . . . . . . Trap Hack Attempts . | . . . . . . Triggered . | . . . . . . Disarmed . | . . . . . . Reprogrammed . | . . . . . . Reused 1 | . . . . . 1 Traps Extracted . | . . . . . . Installed 3 | . . . . . 3 Triggered . | . . . . . . Machines | -11 -10 -10 -9 -9 -9 ---------- Run | Scr Mat Min Mat Min Exi Machines Disabled 3 | . . . . . 3 Max in Single Turn 1 | . . . . . 1 Machines Sabotaged . | . . . . . . Garrisons Compromised . | . . . . . . Overloaded Fab Kills . | . . . . . . Fab Network Shutdowns . | . . . . . . Hacking | -11 -10 -10 -9 -9 -9 --------- Run | Scr Mat Min Mat Min Exi Machines Accessed 2 | . . . 1 . 1 Terminals 1 | . . . 1 . . Fabricators . | . . . . . . Repair Stations . | . . . . . . Recycling Units . | . . . . . . Scanalyzers . | . . . . . . Garrison Access . | . . . . . . Total Hacks 4 | . . . 3 . 1 Successful 1 | . . . . . 1 Failed 3 | . . . 3 . . Catastrophic 1 | . . . 1 . . Database Lockouts . | . . . . . . Manual 4 | . . . 3 . 1 Terminals 3 | . . . 3 . . Fabricators . | . . . . . . Repair Stations . | . . . . . . Recycling Units . | . . . . . . Scanalyzers . | . . . . . . Garrison Access . | . . . . . . Terminal Hacks 1 | . . . . . 1 EX-Prototype ID Bank 1 | . . . . . 1 Fabricator Hacks . | . . . . . . Repair Station Hacks . | . . . . . . Recycling Unit Hacks . | . . . . . . Scanalyzer . | . . . . . . Garrison Access Hacks . | . . . . . . Unauthorized Hacks . | . . . . . . Terminals . | . . . . . . Fabricators . | . . . . . . Repair Stations . | . . . . . . Recycling Units . | . . . . . . Scanalyzers . | . . . . . . Garrison Access . | . . . . . . Data Cores Recovered . | . . . . . . Used . | . . . . . . Hacking Detections 1 | . . . 1 . . Full Trace Events . | . . . . . . Feedback Events . | . . . . . . Feedback Blocked . | . . . . . . Robot Schematics Acquired . | . . . . . . Robots Built . | . . . . . . Matter . | . . . . . . Time . | . . . . . . Total Robot Build Rating . | . . . . . . Part Schematics Acquired . | . . . . . . Parts Built . | . . . . . . Matter . | . . . . . . Time . | . . . . . . Total Part Build Rating . | . . . . . . Parts Repaired . | . . . . . . Time . | . . . . . . Parts Recycled . | . . . . . . Recycled Matter . | . . . . . . Retrieved Matter . | . . . . . . Retrieved Components . | . . . . . . Parts Scanalyzed . | . . . . . . Part Schematics Acquired . | . . . . . . Parts Damaged . | . . . . . . Bothacking | -11 -10 -10 -9 -9 -9 ------------ Run | Scr Mat Min Mat Min Exi Used RIF Installer . | . . . . . . Robots Hacked . | . . . . . . Non-combat . | . . . . . . Combat . | . . . . . . Robot Hacks Applied . | . . . . . . Relay Couplers Released . | . . . . . . Robots Rewired . | . . . . . . Allies Hacked . | . . . . . . Hacks Repelled . | . . . . . . Allies | -11 -10 -10 -9 -9 -9 -------- Run | Scr Mat Min Mat Min Exi Total Allies 4 | . . 3 . 1 . Largest Group 3 | . . 3 2 1 . Highest-Rated Group 40 | . . 40 24 31 . Highest-Rated Ally 31 | . . 16 16 31 . Total Orders . | . . . . . . Ally Attacks 39 | . . 22 14 3 . Total Damage 322 | . . 155 105 62 . Kills 11 | . . 4 4 3 . Allies Corrupted . | . . . . . . Allies Melted . | . . . . . . Intel | -11 -10 -10 -9 -9 -9 ------- Run | Scr Mat Min Mat Min Exi Robot Analysis Total . | . . . . . . Derelict Logs Recovered 2 | . . 1 . 1 . Drone Launches . | . . . . . . Drone Recoveries . | . . . . . . Exploration | -11 -10 -10 -9 -9 -9 ------------- Run | Scr Mat Min Mat Min Exi Turns Passed 2099 | . 118 461 762 328 430 Spaces Moved 1176 | 1 84 251 414 187 239 Core 14 | . . . . . 14 Treads 1056 | . . 230 414 187 225 Legs 106 | 1 84 21 . . . Wheels . | . . . . . . Hover . | . . . . . . Flight . | . . . . . . Fastest Speed 50 | 120 120 120 160 160 50 Average Speed 157 | 120 120 164 160 160 156 Slowest Speed 280 | 120 120 280 160 160 260 Overloaded Moves . | . . . . . . Propulsion Burnouts . | . . . . . . Robots Hopped . | . . . . . . Cave-ins Triggered . | . . . . . . Exploration Rate (%) 37 | 3 23 65 31 45 55 Regions Visited 5 Branch Regions 3 Pre-discovered Areas 1 | . . 1 . . . Known Exits Taken . | . . . . . . Unknown Exits Taken 5 | 1 1 1 1 1 . Scrap Searched 1 | . . 1 . . . Spaces Dug . | . . . . . . Terrain Destroyed 4 | . . 4 . . . Melee . | . . . . . . Projectile . | . . . . . . AOE 4 | . . 4 . . . Terrain Rammed . | . . . . . . Walls Destroyed . | . . . . . . Machines Disabled . | . . . . . . Actions | -11 -10 -10 -9 -9 -9 --------- Run | Scr Mat Min Mat Min Exi Total 1346 | . 101 278 484 214 269 Wait 49 | . 1 3 28 17 . Move 1171 | . 83 250 413 186 239 Hop . | . . . . . . Pick Up 23 | . 6 3 8 3 3 Fast Attach 12 | . 5 4 1 . 2 Attach 6 | . . 2 1 . 3 Detach . | . . . . . . Swap 11 | . . 1 6 3 1 Drop 27 | . 6 3 9 3 6 Fire 44 | . . 12 18 2 12 Melee . | . . . . . . Ram . | . . . . . . Kick . | . . . . . . Crush . | . . . . . . Escape Stasis . | . . . . . . Rewire . | . . . . . . Trap 3 | . . . . . 3 Miscellaneous . | . . . . . . Route ------- -11/Scrapyard -10/Materials -10/Mines -9/Materials (discovered 3 exits: [*Mat] / [*Min] / [*Sto]) -9/Mines -9/Exiles History --------- Turn | Location | Event 1 | -11/Scrapyard | Discovered new exit (range 0) 1 | -11/Scrapyard | Entered Materials 108 | -10/Materials | Discovered new exit (range 9) 119 | -10/Materials | Entered Mines 180 | -10/Mines | Lost 3 parts (1p2w) 257 | -10/Mines | Learned location of Zion (-7) 303 | -10/Mines | Build established: Mutant 319 | -10/Mines | Core integrity fell below 50% 320 | -10/Mines | Assisted by bots powering up and referring to "LRC-V3" 538 | -10/Mines | Discovered new exit (range 10) 580 | -10/Mines | Entered Materials 580 | -9/Materials | Accompanied by 2 allies 580 | -9/Materials | Evolved 2 slots: Weapon x2 582 | -9/Materials | Discovered new exit (range 12) 1045 | -9/Materials | Destroyed 7 combat bots 1174 | -9/Materials | Discovered new exit (range 15) 1318 | -9/Materials | Discovered new exit (range 15) 1342 | -9/Materials | Entered Mines 1345 | -9/Mines | Received a Mining Laser from a helpful Derelict 1403 | -9/Mines | Found a hidden stash of uninstalled traps 1440 | -9/Mines | Build established: Tank 1664 | -9/Mines | Deemed a non-threat by the Exiles lab entrance 1664 | -9/Mines | Discovered new exit (range 5) 1670 | -9/Mines | Entered Exiles 1709 | -9/Exiles | Met 8R-AWN 1733 | -9/Exiles | Met EX-HEX 1797 | -9/Exiles | Met EX-DEC 1865 | -9/Exiles | Met EX-BIN 1891 | -9/Exiles | Aligned with FarCom system 1893 | -9/Exiles | Given EX-Vault access code 1909 | -9/Exiles | Build established: Mutant 1931 | -9/Exiles | Opened EX-Vault 1968 | -9/Exiles | Warned to stay clear of 0b10 Research branches 1996 | -9/Exiles | Exiles lab attacked by MAIN.C 2028 | -9/Exiles | Attacked by the Exiles 2031 | -9/Exiles | Destroyed EX-BIN 2085 | -9/Exiles | Found Corrupted Prototype Device 2085 | -9/Exiles | Identified System Purifier 2089 | -9/Exiles | Core integrity fell below 50% 2095 | -9/Exiles | Core integrity fell below 20% 2100 | -9/Exiles | Destroyed by 8R-AWN with 8R-AWN's Boregun Last Messages --------------- 02090_ Penetrated by HV Slug. 02090_ HV Slug penetrates Wall. 02092_ Acquired EX Chip 1. 02092_ Penetrated by HV Slug. 02092_ HV Slug penetrates BIN's Terminal. 02092_ Penetrated by HV Slug. 02092_ HV Slug penetrates BIN's Terminal. 02094_ Acquired EX Chip 2. 02095_ HV Slug penetrates BIN's Terminal. 02095_ HV Slug penetrates BIN's Workstation. 02095_ HV Slug penetrates BIN's Terminal. 02095_ BIN's Terminal disabled. 02095_ HV Slug penetrates BIN's Workstation. 02096_ Acquired 33 matter. 02098_ HV Slug penetrates as-70317. 02098_ as-70317 destroyed. 02098_ HV Slug penetrates Wall. 02098_ Penetrated by HV Slug. 02098_ HV Slug penetrates Machine. 02100_ Penetrated by HV Slug. Map ----- +----------------------------------------------------+ | ????????????????????# X""#??????????????? | | ????????????????????# ## """#??????????????? | | ??????????????####??# #??"""""#??????????????? | | ?????????????""""""?# #???###????????????????? | | ?????????????"""" ## #??????????????????????? | | ????????????#""X" #??????????????????????? | | ????????????#" #??????????????????????? | | ????????????#" ## #????????????? ????????? | | ????????????#""""""?# #?#########?? ?????????? | | ????????????##"###??# #?#"""""""## ??????????? | | ????????????????????# #?#"""""""# #??????????? | | ????????????????????# #?#"" """""#???????????? | | ???????????????????## ###" " " #????????????? | | ???????????????????#" " "#????????????? | | ???????????????????#" ""#????????????? | | ???????????????????#" """#????????????? | | ???????????????????#" ""#????????????? | | ???????????????????#" [ """#????????????? | | ???????????????????#" !%= %"""#????????????? | | ???????????????????## !*% """""???????????? | | ????????????????????# ga ! """##???????????? | | ??????? ???????????#" a """""???????????? | | ??????" ???????????# * ! #????????????? | | ?????? ???????????#"% !% " """"#????????????? | | ??????" "?????????## !#####"#####????????????? | | ??????# #????????## @#????# #???????????????? | | ????### ##??###### " #?????##???????????????? | | #####X# #"###"""" " ##?????????????????????? | | """""" " " ##???#########????????? | | "" """ " ^ #####"""""""""##?????? | | " " " """ """"##????? | | "" " #????? | | " """#????? | | g " "#????? | | % " "##???? | | ""###?? | | "" """""" """#?? | | ######""" "#?? | | ""##????#####""" ##? | | " """##?????????##""" ## | | """##???????????#"""" # | | ""#????????????#"" | | ^ ##????????????"""" | | #?????????"" | | ?????" | | ???? | | "" ?? # | | ?? " ## | | " ?? "" """ ""#? | | """ ""??? ##""" " " ""#" "##? | +----------------------------------------------------+ Best States ------------- Heat Dissipation 28 Energy Generation 14 Energy Capacity 275 Matter Stores 300 Matter Capacity 300 Sight Range 16 Terrain Scan Density 10 Armor Coverage 375 Evasion (%) 55 Recoil Reduction 2 Defensive Hacking 7 Item Schematics ----------------- None Robot Schematics ------------------ None Fabricated ------------ Nothing Alien Tech Used ----------------- None Achievements -------------- None Challenges ------------ None Game ------ Seed BurstCoolingMicroactuators Manual? 0 Play Time 00:18:15 Cumulative 135.4 hours Start 2021.07.03 @ 22:49:34 End 2021.07.03 @ 23:06:05 Sessions 1 Manual Loads 0 Difficulty Rogue Special Mode None Game No. 204 Rogue 204 Adventurer 0 Explorer 0 Win Type - Total 6 Types 5/0/0/1/0/0/0/0/0 Lore% 51 Gallery% 74 Achievement% 59 Wizard Run 0 Options --------- ASCII 0 Keyboard 0 Movement Mouse Keybinds 0 Fullscreen 1 Font 18/Terminus Map View 76x50 Tactical HUD 1 Map Filters NONE Filters NONE Steam 1 RUN: f2b3dcc7-195a-4ec2-9c83-3df3d28e8347